 Dungeon Crawl Stone Soup version 0.30-a0-583-g19bae12e61 (webtiles) character file.

Game seed: 6246116708985993807

51 Citaku the Chopper (level 3, -4/18 HPs)
             Began as a Spriggan Wanderer on Jan 1, 2023.
             Succumbed to a goblin's poison
             ... on level 2 of the Dungeon.
             The game lasted 00:04:04 (973 turns).

Citaku the Chopper (Spriggan Wanderer)               Turns: 973, Time: 00:04:05

Health: -4/18      AC:  2    Str: 12    XL:     3   Next: 57%
Magic:  6/6        EV: 15    Int: 12    God:
Gold:   37         SH:  0    Dex: 13    Spells: 4/5 levels left

rFire   + . .      SeeInvis +    i - +4 war axe
rCold   x . .      Faith    .    (no shield)
rNeg    . . .      Spirit   .    d - +0 robe
rPois   .          Reflect  .    b - +0 hat
rElec   .          Harm     .    (no cloak)
rCorr   .          Rampage  .    (gloves unavailable)
Will    .....                    (boots unavailable)
Stlth   ++                       (no amulet)
HPRegen 0.23/turn                h - ring of fire
MPRegen 0.10/turn                e - ring of see invisible

@: lethally poisoned (-4 -> -28), very quick
A: very small, no large weapons, unfitting armour, see invisible, speed 3
a: no special abilities


You were on level 2 of the Dungeon.
You visited 1 branch of the dungeon, and saw 2 of its levels.

You collected 37 gold pieces.

Inventory:

Hand Weapons
 i - a +4 war axe (weapon)
Armour
 b - a +0 hat (worn)
 d - a +0 robe (worn)
Jewellery
 e - a ring of see invisible (right hand)
 h - a ring of fire (left hand)
 m - a ring of poison resistance
Scrolls
 a - a scroll of enchant weapon {unknown}
 c - a scroll of vulnerability
 j - a scroll of silence {unknown}
 k - a scroll of teleportation {unknown}
Potions
 f - 3 potions of mutation {unknown}
 g - a potion of heal wounds {unknown}
 l - a potion of resistance {unknown}
 n - a potion of curing {unknown}


   Skills:
 + Level 2.0 Fighting
 + Level 3.2 Axes
 + Level 0.4 Dodging
 + Level 1.6 Stealth
 + Level 1.6 Spellcasting
 + Level 2.6 Fire Magic


You had 4 spell levels left.
You knew the following spells:

 Your Spells              Type           Power      Damage    Failure   Level
a - Foxfire               Conj/Fire      24%        2x1d5     17%         1

Your spell library contained the following spells:

 Spells                   Type           Power      Damage    Failure   Level
 Momentum Strike          Conj/Tloc      0%         3d8       41%         2
 Kindle Blastsparks       Fire/Tloc/Air  8%         2d10      52%         3
 Stone Arrow              Conj/Erth      0%         3d7       65%         3
 Arcjolt                  Conj/Air       0%         1d10      100%        5


Dungeon Overview and Level Annotations

Branches:
Dungeon (2/15)

Altars:


Innate Abilities, Weirdness & Mutations

You are very small and have problems with some larger weapons.
You are too small for most types of armour.
You have supernaturally acute eyesight. (SInv)
You cover ground extremely quickly. (Speed+++)


Message History

You hit the adder.
You kill the adder!
You feel sick.
You feel sick.
You see here an adder corpse.
You feel sick.
You feel sick.
You feel sick.
You are no longer poisoned.
You start resting.
HP restored.
You see here an adder corpse.
A hobgoblin comes into view.
The helpless hobgoblin fails to defend itself.
You hit the hobgoblin.
You kill the hobgoblin!
A goblin comes into view. It is wielding a +0 dagger of venom.
Found a jewelled gold wand.
The goblin shouts!
The goblin hits you with a +0 dagger of venom.
You closely miss the goblin.
The goblin hits you with a +0 dagger of venom.
You hit the goblin.
The goblin is moderately wounded.
A frilled lizard comes into view.
The goblin hits you with a +0 dagger of venom.
You are lethally poisoned!
The goblin hits you with a +0 dagger of venom.
You are more poisoned.
You completely miss the goblin.
The goblin is moderately wounded.
* * * LOW HITPOINT WARNING * * *
You feel extremely sick.
The frilled lizard hisses angrily.
The goblin hits you with a +0 dagger of venom.
* * * LOW HITPOINT WARNING * * *
You are more poisoned.
You closely miss the goblin.
The goblin is moderately wounded.
You die...

#.####.##.#>.....†[..........
#........†#.########.###.....
######.####.# #.# #.#### #.#
#.#### #.....#... #.# #....#
#######..# #.# #....# #.)#
#.# #./..# #... #.####.g..###
#.## #......@.l..# #.#
######....#.# ###.# #....#
#...# #.#### #.### #.#
##.#### #.. #.....# ###
#.....# #.....# #.....#


You could see a goblin and a frilled lizard.

Vanquished Creatures
  2 adders (D:2)
  A ball python (D:2)
  3 bats
  3 endoplasms
  3 giant cockroaches (D:2)
  2 hobgoblins (D:2)
  4 jackals (D:1)
  A quokka (D:2)
  2 frilled lizards
  5 goblins (D:2)
  A kobold (D:1)
  3 rats (D:2)
30 creatures vanquished.

Notes
Turn   | Place    | Note
-------+----------+-------------------------------------------
     0 | D:1      | Citaku the Spriggan Wanderer began the quest for the Orb.
     0 | D:1      | Citaku set off with the following items: a +2 hand axe, a
                  | +0 hat, a scroll of vulnerability, a +0 robe; and the
                  | following spell memorised: Foxfire; and the following
                  | spells available to memorise: Kindle Blastsparks.
     0 | D:1      | Reached XP level 1. HP: 10/10 MP: 3/3
    42 | D:1      | Got the Almanac of Conflict
   179 | D:1      | Reached XP level 2. HP: 13/15 MP: 5/5
   360 | D:2      | Reached XP level 3. HP: 18/18 MP: 6/6
   457 | D:2      | Reached skill level 3 in Axes
   973 | D:2      | Succumbed to a goblin's poison

Illustrated notes

Levels and vault maps discovered:
D:1:      minmay_arrival_stone_box, layout_rooms, ebering_dispersal_statue_hall,
          reono_crystal_passage
D:2:      layout_basic

Skill      XL: |  1  2  3 |
---------------+----------+-----
Fighting       | 2 |  2.0
Axes           | 3 |  3.2
Dodging        | |  0.4
Stealth        | |  1.6
Spellcasting   | |  1.6
Fire Magic     | |  2.6

Action                   || total
-------------------------++-------
Melee: Hand axe          ||    40
       War axe           ||    35
 Stab: Sleeping          ||     2
Armor: Robe              ||    12
Dodge: Dodged            ||    59

Table legend: (Time is in decaauts)
 A = Elapsed time spent in this place.
 B = Non-inter-level travel time spent in this place.
 C = Inter-level travel time spent in this place.
 D = Time resting spent in this place.
 E = Time spent auto-exploring this place.
 F = Levels seen in this place.
 G = Mean time per level.
                   A        B        C        D        E       F      G
               +--------+--------+--------+--------+--------+-----+--------+
         Total |    695 |    695 |      0 |    105 |    233 |   2 |  347.5 |
       Dungeon |    695 |    695 |      0 |    105 |    233 |   2 |  347.5 |
               +--------+--------+--------+--------+--------+-----+--------+

Top non-repeatable levels by time:
     D:2: 516 daAuts
     D:1: 179 daAuts
